 Dungeon Crawl Stone Soup version 0.22.0-2-ge58baed0e8 (webtiles) character file.

95 Rerark the Covered (level 4, 0/40 HPs)
             Began as a Minotaur Fighter on Aug 12, 2018.
             Succumbed to a killer bee's poison
             ... on level 3 of the Dungeon.
             The game lasted 00:12:19 (1970 turns).

Rerark the Covered (Minotaur Fighter)               Turns: 1970, Time: 00:12:20

Health: 0/40       AC:  7    Str: 22    XL:     4   Next: 40%
Magic:  3/3        EV:  7    Int:  5    God:
Gold:   181        SH:  9    Dex:  9    Spells: 3/3 levels left

rFire    . . .     SeeInvis .   a - +0 war axe
rCold    . . .     Gourm    .   c - +0 shield
rNeg     . . .     Faith    .   b - +0 scale mail
rPois    .         Spirit   .   (helmet restricted)
rElec    .         Reflect  .   (no cloak)
rCorr    .         Harm     .   (no gloves)
MR       .....                  (no boots)
Stlth    ..........             (no amulet)
HPRegen  0.13/turn              (no ring)
MPRegen  0.08/turn              (no ring)

@: lethally poisoned (0 -> -14), drained
A: retaliatory headbutt, horns 2
a: no special abilities


You were on level 3 of the Dungeon.
You were not hungry.

You visited 1 branch of the dungeon, and saw 3 of its levels.

You collected 181 gold pieces.

Inventory:

Hand Weapons
 a - a +0 war axe (weapon)
Armour
 b - a +0 scale mail (worn)
 c - a +0 shield (worn)
 g - a +0 helmet
 q - a +1 scale mail of poison resistance
 t - a +0 pair of gloves
Jewellery
 w - a cursed -5 ring of slaying {unknown}
Wands
 r - a wand of paralysis (17)
 s - a wand of polymorph (18)
Scrolls
 e - 2 scrolls of enchant weapon {unknown}
 h - a scroll of enchant armour {unknown}
 i - 2 scrolls of fear {unknown}
 j - 3 scrolls of identify {unknown}
 k - 3 scrolls of remove curse {unknown}
 n - 2 scrolls of blinking {unknown}
 p - a scroll of teleportation {unknown}
 y - a scroll of immolation {unknown}
 A - a scroll of magic mapping {unknown}
Potions
 d - a potion of might
 l - a potion of agility {unknown}
 m - a potion of degeneration {unknown}
 o - a potion of cancellation {unknown}
 u - a potion of ambrosia {unknown}
 v - a potion of curing {unknown}
 z - a potion of mutation {unknown}
Comestibles
 f - 5 rations
 x - a chunk of flesh


   Skills:
 + Level 4.0(3.7) Fighting
 + Level 3.8(3.5) Axes
 + Level 4.4(4.0) Armour
 + Level 0.9(0.6) Dodging
 + Level 0.7(0.4) Stealth
 + Level 4.2(3.8) Shields


You had 3 spell levels left.
You didn't know any spells.
Your spell library was empty.

Dungeon Overview and Level Annotations

Branches:
Dungeon (3/15)

Altars:
Kikubaaqudgha
The Shining One


Innate Abilities, Weirdness & Mutations

You reflexively headbutt those who attack you in melee.
You have a pair of horns on your head.


Message History

* * * LOW HITPOINT WARNING * * *
You feel sick.
The killer bee stings you but does no damage.
The killer bee barely misses you. You furiously retaliate!
You headbutt the killer bee. The killer bee barely misses you.
You block the killer bee's attack.
The killer bee stings you but does no damage. x2
You miss the killer bee.
The killer bee is severely wounded.
You miss the killer bee.
* * * LOW HITPOINT WARNING * * *
You feel sick. The killer bee closely misses you.
You block the killer bee's attack.
The killer bee stings you but does no damage.
The killer bee barely misses you. The killer bee stings you.
* * * LOW HITPOINT WARNING * * *
You barely miss the killer bee. Your headbutt misses the killer bee.
The killer bee is severely wounded.
You miss the killer bee.
You die...

# .# ... ... ..#
####...###
#@yyy.....
##.####y########
........#
##.####.#
###.####.###
...........#
....##.....####
...............
.#####..(..####
####


You could see 4 killer bees.

Vanquished Creatures
  3 adders
  A worm (D:2)
  3 dart slugs
  A leopard gecko (D:1)
  An orc (D:3)
  5 giant cockroaches
  5 goblins
  6 hobgoblins
  7 jackals
  A ball python (D:1)
  7 bats
  7 frilled lizards
  5 kobolds
  5 rats
57 creatures vanquished.

Notes
Turn   | Place    | Note
-------+----------+-------------------------------------------
     0 | D:1      | Rerark the Minotaur Fighter began the quest for the Orb.
     0 | D:1      | Reached XP level 1. HP: 19/19 MP: 0/0
   247 | D:1      | Reached XP level 2. HP: 22/27 MP: 1/1
   600 | D:1      | Reached XP level 3. HP: 33/33 MP: 2/2
  1113 | D:2      | Found a glowing golden altar of the Shining One.
  1401 | D:2      | Reached XP level 4. HP: 40/40 MP: 3/3
  1684 | D:3      | Paralysed by fainting for 8 turns
  1704 | D:3      | Paralysed by fainting for 8 turns
  1764 | D:3      | Paralysed by fainting for 11 turns
  1889 | D:3      | Found an ancient bone altar of Kikubaaqudgha.
  1969 | D:3      | HP: 1/40 [killer bee (3)]
  1970 | D:3      | Succumbed to a killer bee's poison

Skill      XL: |  1  2  3  4 |
---------------+-------------+-----
Armour         | 4 |  4.4
Axes           | 3 |  3.8
Shields        | 4 |  4.2
Fighting       | 4 |  4.0
Dodging        | |  0.9
Stealth        | |  0.7

Action                   |  1- 3 |  4- 6 || total
-------------------------+-------+-------++-------
Melee: War axe           |    96 |    67 ||   163
       Headbutt          |    11 |     7 ||    18
  Eat: Ration            |       |     1 ||     1
Armor: Scale mail        |    52 |    44 ||    96
Dodge: Dodged            |    31 |    17 ||    48
Block: Shield            |    56 |    47 ||   103
